 Dungeon Crawl Stone Soup version 0.30.0-29-ga12c61a403 (webtiles) character file.

Game seed: 9943743024878197079

51 RascalDebosk the Trooper (level 3, -4/33 HPs)
             Began as a Minotaur Fighter on June 6, 2023.
             Slain by Terence
             ... wielding a +3 falchion of electrocution
              (16 damage)
             ... on level 2 of the Dungeon.
             The game lasted 00:06:57 (876 turns).

RascalDebosk the Trooper (Minotaur Fighter)          Turns: 876, Time: 00:06:58

Health: -4/33      AC:  6    Str: 22    XL:     3   Next: 58%
Magic:  2/2        EV:  9    Int:  5    God:
Gold:   66         SH:  4    Dex:  9    Spells: 2/2 levels left

rFire   . . .        a - +0 war axe
rCold   . . .        c - +0 buckler
rNeg    . . .        b - +0 scale mail
rPois   .            (helmet restricted)
rElec   .            (no cloak)
rCorr   .            (no gloves)
SInv    .            (no boots)
Will    .....        (no amulet) Stlth
                     k - ring of flight
HPRegen 0.25/turn    (no ring)
MPRegen 0.08/turn

%: no passive effects
@: flying
A: horns 2, retaliatory headbutt
a: no special abilities


You were on level 2 of the Dungeon.
You visited 1 branch of the dungeon, and saw 2 of its levels.

You collected 66 gold pieces.

Inventory:

Hand Weapons
 a - a +0 war axe (weapon)
Missiles
 m - a poisoned dart (quivered)
Armour
 b - a +0 scale mail (worn)
 c - a +0 buckler (worn)
Jewellery
 k - a ring of flight (left hand)
Scrolls
 e - 2 scrolls of teleportation {unknown}
 f - a scroll of identify {unknown}
 g - a scroll of noise {unknown}
 h - a scroll of torment {unknown}
 o - a scroll of butterflies {unknown}
Potions
 d - 2 potions of might
 i - a potion of mutation {unknown}
 j - 3 potions of flight {unknown}
 l - a potion of cancellation {unknown}
 n - a potion of curing


   Skills:
 + Level 4.2 Fighting
 + Level 3.1 Axes
 + Level 1.4 Throwing
 - Level 3.6 Armour
 - Level 3.6 Shields
 + Level 1.2 Evocations


You had 2 spell levels left.
You didn't know any spells.
Your spell library was empty.

Dungeon Overview and Level Annotations

Branches:
Dungeon (2/15)

Altars:

Annotations:
D:2 Terence


Innate Abilities, Weirdness & Mutations

You have a pair of horns on your head.
You reflexively headbutt those who attack you in melee.


Message History

You hit the hobgoblin but do no damage.
The hobgoblin is almost dead.
You slash the hobgoblin!
You kill the hobgoblin!
You hit Robin. The hobgoblin hits you. Robin hits you but does no damage.
You hit Robin.
Robin is lightly wounded.
You closely miss the hobgoblin. You hit the hobgoblin.
You kill the hobgoblin!
The hobgoblin hits you.
* * * LOW HITPOINT WARNING * * *
Robin barely misses you.
You slash Robin!
Robin is severely wounded.
You hit the hobgoblin. x2; The hobgoblin hits you.
* * * LOW HITPOINT WARNING * * *
Robin hits you but does no damage. The hobgoblin hits you.
* * * LOW HITPOINT WARNING * * *
You block the hobgoblin's attack. Robin hits you with a +0 dagger.
* * * LOW HITPOINT WARNING * * *
The hobgoblin closely misses you. You furiously retaliate!
You headbutt the hobgoblin.
You kill the hobgoblin!
You closely miss Robin.
Robin is severely wounded.
You barely miss the hobgoblin. The hobgoblin closely misses you.
Robin hits you with a +0 dagger.
* * * LOW HITPOINT WARNING * * *
You slash Robin!
You kill Robin!
You hit the hobgoblin.
You kill the hobgoblin!
You start resting.
HP restored.
Found 10 gold pieces.
Things that are here:
a +0 club; a hobgoblin corpse; a hobgoblin corpse
Found an escape hatch in the ceiling.
Things that are here:
a +0 dagger; a hobgoblin corpse; a goblin corpse
Things that are here:
a +0 club; a hobgoblin corpse; a hobgoblin corpse
Items here: )))) [[ †.
You now have 66 gold pieces (gained 10).
Found a stone staircase leading up.
There is an escape hatch in the ceiling here.
Things that are here:
a +0 dagger; a hobgoblin corpse; a goblin corpse You see here a +0 club.
o - a scroll labelled ODAFUALOBE
Found an escape hatch in the floor.
Terence the Incautious comes into view.
He is wielding a +3 falchion of electrocution and wearing a +2 chain mail of cold resistance.
Found a stone staircase leading up.
Terence shouts!
You don't know any spells.
Unknown command.
Throw: 6 darts (poison)
Press: ? - help, Q - select action Shift-Dir - straight line, f - Terence
Aim: Terence, wielding a +3 falchion of electrocution and wearing a +2 chain mail of cold resistance (64% to hit)
You throw a poisoned dart.
The poisoned dart barely misses Terence.
Throw: 5 darts (poison)
Press: ? - help, Q - select action Shift-Dir - straight line, f/p - Terence
Aim: Terence, wielding a +3 falchion of electrocution and wearing a +2 chain mail of cold resistance (64% to hit)
You throw a poisoned dart. The poisoned dart hits Terence.
Terence is poisoned.
Throw: 4 darts (poison)
Press: ? - help, Q - select action Shift-Dir - straight line, f/p - Terence
Aim: Terence, wielding a +3 falchion of electrocution and wearing a +2 chain mail of cold resistance (lightly wounded, poisoned, 64% to hit)
You throw a poisoned dart. The poisoned dart hits Terence.
Terence looks even sicker.
Terence is lightly wounded.
Throw: 3 darts (poison)
Press: ? - help, Q - select action Shift-Dir - straight line, f/p - Terence
Aim: Terence, wielding a +3 falchion of electrocution and wearing a +2 chain mail of cold resistance (lightly wounded, very poisoned, 64% to hit)
You throw a poisoned dart. The poisoned dart hits Terence.
Terence is lightly wounded.
Throw: 2 darts (poison)
Press: ? - help, Q - select action Shift-Dir - straight line, f/p - Terence
Aim: Terence, wielding a +3 falchion of electrocution and wearing a +2 chain mail of cold resistance (lightly wounded, very poisoned, 64% to hit)
You throw a poisoned dart. The poisoned dart hits Terence.
Terence looks even sicker.
Terence is lightly wounded.
You closely miss Terence.
Terence is heavily wounded.
Terence drinks a potion.
Terence is healed!
Terence looks more healthy.
Terence hits you with a +3 falchion of electrocution.
You are electrocuted!
You hit Terence but do no damage.
Terence is lightly wounded.
You block Terence's attack.
You hit Terence but do no damage.
Terence is lightly wounded.
Terence hits you with a +3 falchion of electrocution.
Terence hits you with a +3 falchion of electrocution!
* * * LOW HITPOINT WARNING * * *
You barely miss Terence.
Terence is lightly wounded.
Terence hits you but does no damage.
You are electrocuted!
You die...

####.######....###...#
.....# ##.........# ...###
#.#.###...# ##.# ##.#..#
.# ...# #..##.## #####
..)## #.###..# #....<
....### ##.# ##.# #......
###...####..# #.# .......
###...##.## #@##.......
###.#.(# #.@........
#...## ###........ ##..###
##.......
..######....##### ..(....
#....|##.##...... ...(...
#####..................(..
#........####..........
#........##...# ......(


You could see Terence.

Vanquished Creatures
  Robin (D:2)
  A worm (D:2)
  A dart slug (D:1)
  2 endoplasms (D:1)
  9 goblins
  6 hobgoblins
  2 quokkas (D:1)
  2 ball pythons
  3 frilled lizards
  3 kobolds
  5 rats
35 creatures vanquished.

Notes
Turn   | Place    | Note
-------+----------+-------------------------------------------
     0 | D:1      | RascalDebosk the Minotaur Fighter began the quest for the
                  | Orb.
     0 | D:1      | Reached XP level 1. HP: 19/19 MP: 0/0
   138 | D:1      | Reached XP level 2. HP: 23/27 MP: 1/1
   452 | D:1      | Reached skill level 4 in Fighting
   452 | D:1      | Reached skill level 1 in Throwing
   627 | D:2      | Reached skill level 1 in Evocations
   675 | D:2      | Noticed Robin
   677 | D:2      | Reached XP level 3. HP: 28/33 MP: 2/2
   687 | D:2      | Killed Robin
   864 | D:2      | Noticed Terence
   876 | D:2      | Slain by Terence

Illustrated notes

Levels and vault maps discovered:
D:1:      ncdulo_smallfort, layout_basic, glass_columns_a
D:2:      layout_rooms, uniq_terence, uniq_robin

Skill      XL: |  1  2  3 |
---------------+----------+-----
Fighting       | 4 |  4.2
Throwing       | 1 |  1.4
Evocations     | 1 |  1.2
Axes           | 3 |  3.1
Armour         | |  3.6
Shields        | |  3.6

Action                     || total
---------------------------++-------
  Melee: War axe           ||    65
         Headbutt          ||     7
  Throw: Dart              ||     5
 Armour: Scale mail        ||    27
  Dodge: Dodged            ||    22
  Block: Buckler           ||    17
